 Dungeon Crawl Stone Soup version 0.25-a0-578-gc91f01c39c (webtiles) character file.

Game seed: 17365543675954069686, levelgen mode: deterministic

3416 surprisetrex the Destroyer (level 9, 0/62 HPs)
             Began as a White Draconian Fire Elementalist on Mar 4, 2020.
             Was a Follower of Vehumet.
             Succumbed to a killer bee's poison
             ... on level 7 of the Dungeon.
             The game lasted 00:32:06 (8742 turns).

surprisetrex the Destroyer (DrFE)                   Turns: 8742, Time: 00:32:07

Health: 0/62       AC:  8    Str: 11    XL:     9   Next: 76%
Magic:  3/21       EV: 12    Int: 19    God:    Vehumet [*.....]
Gold:   357        SH:  3    Dex: 11    Spells: 12/25 levels left

rFire    . . .     SeeInvis .   a - +2 dire flail (drain)
rCold    + . .     Gourm    .   (shield currently unavailable)
rNeg     . . .     Faith    .   (armour unavailable)
rPois    .         Spirit   .   (helmet restricted)
rElec    .         Reflect  +   (no cloak)
rCorr    .         Harm     .   d - +0 pair of gloves
MR       .....                  (no boots)
Stlth    ++........             s - +3 amulet of reflection
HPRegen  0.20/turn              o - ring of wizardry
MPRegen  0.17/turn              x - +2 ring of strength

@: lethally poisoned (0 -> -7), drained
A: breathe frost, unfitting armour, stinger 1, cold resistance 1, mutation
resistance 1, weak 1, cold-blooded, subdued magic 1, AC +7
a: Breathe Frost, Renounce Religion


You were on level 7 of the Dungeon.
You worshipped Vehumet.
Vehumet was aware of your devotion.
You were hungry.

You visited 2 branches of the dungeon, and saw 8 of its levels.

You collected 357 gold pieces.

Inventory:

Hand Weapons
 a - a +2 dire flail of draining (weapon)
 b - a +0 hunting sling
Missiles
 m - 245 stones (quivered)
 t - 12 sling bullets
 u - 39 poisoned darts
 w - 2 atropa-tipped darts
Armour
 d - a +0 pair of gloves (worn)
Jewellery
 o - a ring of wizardry (left hand)
 s - a +3 amulet of reflection (around neck)
 x - a +2 ring of strength (right hand)
Wands
 f - a wand of digging (6)
 y - a wand of flame (18)
 F - a wand of random effects (23)
Scrolls
 c - 2 scrolls of identify
 e - a scroll of enchant weapon
 g - 5 scrolls of remove curse
 i - 3 scrolls of amnesia
Potions
 h - 2 potions of curing
 j - 3 potions of haste
 k - 2 potions of magic {unknown}
 l - 2 potions of heal wounds
 p - a potion of might {unknown}
 q - a potion of ambrosia {unknown}
 v - a potion of stabbing {unknown}
 D - 2 potions of flight
Comestibles
 n - 9 rations


   Skills:
 - Level 1.7(1.1) Dodging
 - Level 1.7(1.1) Stealth
 + Level 8.7(8.0) Spellcasting
 + Level 9.2(8.5) Conjurations
 - Level 4.8(4.2) Fire Magic


You had 12 spell levels left.
You knew the following spells:

 Your Spells              Type           Power        Failure   Level  Hunger
a - Foxfire               Conj/Fire      ###.         1%          1    None
b - Conjure Flame         Conj/Fire      ###.....     1%          3    None
c - Sticky Flame          Conj/Fire      ###.....     2%          4    ###....
d - Fireball              Conj/Fire      ###.......   6%          5    #####..

Your spell library contained the following spells:

 Spells                   Type           Power        Failure   Level  Hunger
 Magic Dart               Conj           ####         1%          1    None
 Animate Skeleton         Necr           N/A          2%          1    None
 Apportation              Tloc           #.....       2%          1    None
 Corona                   Hex            #......      2%          1    None
 Summon Small Mammal      Summ           #...         2%          1    None
 Inner Flame              Hex/Fire       ##......     4%          3    None


Dungeon Overview and Level Annotations

Branches:
Dungeon (7/15)             Temple (1/1) D:6

Altars:
Ashenzari
Cheibriados
Elyvilon
Fedhas
Gozag
Hepliaklqana
Kikubaaqudgha
Makhleb
Nemelex Xobeh
Okawaru
Qazlal
Ru
Sif Muna
Trog
Uskayaw
Vehumet
Wu Jian
Yredelemnul
The Shining One

Annotations:
D:3 Sigmund


Innate Abilities, Weirdness & Mutations

You can breathe waves of freezing cold.
You can buffet flying creatures when you breathe cold.
Your icy white scales are hard. (AC +7)
You cannot fit into any form of body armour.
Your flesh is cold resistant. (rC+)
You are cold-blooded and may be slowed by cold attacks.
Your tail ends in a poisonous barb.
You are somewhat resistant to further mutation.
You are weak. (Str -2)
Your spells are a little easier to cast, but a little less powerful.


Message History

The killer bee closely misses you.
The killer bee stings you but does no damage.
Casting: Sticky Flame (safe; 2% risk of failure)
Confirm with . or Enter, or press ? or * to list all spells.
You don't have enough magic to cast that spell.
Unknown command.
You closely miss the killer bee.
The killer bee is moderately wounded.
You feel sick. The killer bee misses you. x2
You closely miss the killer bee.
Your tail-slap misses the killer bee.
The killer bee is moderately wounded.
You have got your breath back.
You block the killer bee's attack. The killer bee stings you.
* * * LOW HITPOINT WARNING * * *
You are more poisoned.
The killer bee poisons you! The killer bee stings you!
* * * LOW HITPOINT WARNING * * *
You closely miss the killer bee.
The killer bee is moderately wounded.
You die...

........ ......# ..... #####
#...# #...# +$..# #####.#.#
#######...# #.......#
#.......#.#
#.###.######.#######y# #)#
#....@y........#y# #####.#
#######.######.#.# #<....#
#.....# #.#.# ##########
#.#.#.####y#'## .......#
#.#.#.#.....).# .......#
######.#.#.#.......# .......#
#....#.#.#.#....>..# .......#
#....#.#.#.#.......#
.......####....#.#.#.#.......#


You could see a killer bee.

Vanquished Creatures
  Pikel (D:5)
  A hippogriff (D:7)
  2 hungry ghosts
  Edmund (D:5)
  A sky beast (D:5)
  2 slaves (D:5)
  A phantom (D:4)
  2 necrophages
  An ogre (D:4)
  A big kobold (D:6)
  5 bullfrogs
  3 scorpions
  8 wights
  4 killer bees (D:7)
  A crimson imp (D:5)
  3 hounds
  A jelly (D:6)
  4 orc priests
  Terence (D:2)
  10 orc wizards
  7 worker ants
  2 hound skeletons
  6 adders
  A shadow imp (D:7)
  2 oozes
  2 adder skeletons (D:6)
  3 worms
  2 dart slugs
  2 leopard geckos
  22 orcs
  2 ball pythons (D:1)
  5 giant cockroaches
  8 goblins
  6 hobgoblins
  4 jackals (D:4)
  15 kobolds
  2 quokkas
  8 bats
  5 frilled lizards
  9 rats
166 creatures vanquished.

Vanquished Creatures (others)
  370 foxfires
370 creatures vanquished.

Grand Total: 536 creatures vanquished

Notes
Turn   | Place    | Note
-------+----------+-------------------------------------------
     0 | D:1      | surprisetrex the Draconian Fire Elementalist began the
                  | quest for the Orb.
     0 | D:1      | Reached XP level 1. HP: 14/14 MP: 3/3
   251 | D:1      | Reached XP level 2. HP: 20/20 MP: 0/5
   338 | D:1      | Reached skill level 2 in Conjurations
   904 | D:2      | Reached XP level 3. HP: 26/26 MP: 1/6
  1009 | D:2      | Found a faded altar of an unknown god.
  1274 | D:2      | Reached skill level 3 in Conjurations
  1934 | D:3      | Reached XP level 4. HP: 33/33 MP: 4/7
  1994 | D:3      | Noticed Terence
  2227 | D:2      | Learned a level 3 spell: Conjure Flame
  2430 | D:2      | Killed Terence
  2961 | D:3      | Reached XP level 5. HP: 38/38 MP: 4/8
  3097 | D:3      | Noticed Sigmund
  3908 | D:4      | Reached skill level 5 in Fire Magic
  3908 | D:4      | Reached XP level 6. HP: 41/45 MP: 3/10
  4170 | D:4      | Learned a level 4 spell: Sticky Flame
  4388 | D:5      | Entered Level 5 of the Dungeon
  4415 | D:4      | Your scales start taking on an icy white colour.
  4415 | D:4      | Reached XP level 7. HP: 40/50 MP: 4/13
  4415 | D:4      | Gained mutation: Your flesh is cold resistant. (rC+) [White
                  | Draconian growth]
  4549 | D:5      | Found a glowing golden altar of the Shining One.
  4684 | D:5      | Reached skill level 4 in Conjurations
  4973 | D:5      | Noticed Edmund
  4985 | D:5      | Killed Edmund
  4985 | D:5      | Reached skill level 5 in Spellcasting
  4985 | D:5      | Reached skill level 5 in Conjurations
  5003 | D:5      | Found a stormy altar of Qazlal.
  5003 | D:5      | Found a sparkling altar of Nemelex Xobeh.
  5180 | D:5      | Found a shattered altar of Ashenzari.
  5263 | D:5      | Reached XP level 8. HP: 53/57 MP: 14/16
  5866 | D:6      | Noticed Pikel
  6134 | D:5      | Reached skill level 6 in Conjurations
  6142 | D:5      | Killed Pikel
  6142 | D:5      | Reached skill level 7 in Conjurations
  6332 | D:6      | Learned a level 5 spell: Fireball
  6472 | D:5      | Reached XP level 9. HP: 28/62 MP: 17/19
  6726 | D:5      | Gained mutation: Your spells are a little easier to cast,
                  | but a little less powerful. [potion of mutation]
  6726 | D:5      | Gained mutation: Your tail ends in a poisonous barb.
                  | [potion of mutation]
  6726 | D:5      | Gained mutation: You are weak. (Str -2) [potion of
                  | mutation]
  6726 | D:5      | Gained mutation: You are somewhat resistant to further
                  | mutation. [potion of mutation]
  6875 | D:6      | Found a burning altar of Makhleb.
  6958 | D:6      | Found a staircase to the Ecumenical Temple.
  6967 | Temple   | Entered the Ecumenical Temple
  7214 | Temple   | Became a worshipper of Vehumet
  7277 | D:6      | Found a bloodstained altar of Trog.
  7282 | D:6      | Reached skill level 8 in Conjurations
  8513 | D:7      | Reached skill level 9 in Conjurations
  8711 | D:7      | Reached * piety under Vehumet
  8711 | D:7      | Offered knowledge of Magic Dart by Vehumet.
  8741 | D:7      | HP: 1/62 [killer bee (8)]
  8742 | D:7      | Succumbed to a killer bee's poison

Levels and vault maps discovered:
D:1:      lemuel_arrival_funnel, layout_loops_ring
D:2:      layout_loops_ring, chequers_ecumenical_altar_island,
          minmay_misc_feat_enclosed, item_on_display_a
D:3:      minmay_evil_eye, layout_basic, first_ration, uniq_terence,
          uniq_sigmund
D:4:      layout_loops_ring
D:5:      layout_gridville, gammafunk_temple_overflow_claw, old_standard_altar,
          uniq_edmund
D:6:      layout_rooms, makhleb_blood_cavern_becter,
          minmay_temple_entry_slanted, trog_book, uniq_pikel
D:7:      layout_basic, uniq_joseph
Temple:   minmay_temple_curvy_branch

Skill      XL: |  1  2  3  4  5  6  7  8  9 |
---------------+----------------------------+-----
Conjurations   | 2 3 5 7 9 |  9.2
Fire Magic     | 4 5 4 |  4.8
Spellcasting   | 3 4 5 7 8 |  8.7
Dodging        | |  1.7
Stealth        | |  1.7

Action                   |  1- 3 |  4- 6 |  7- 9 || total
-------------------------+-------+-------+-------++-------
Melee: Unarmed           |    46 |       |       ||    46
       Tailslap          |     7 |     7 |    21 ||    35
       Short sword       |     8 |    76 |    36 ||   120
       Dire flail        |       |       |   172 ||   172
 Fire: Hunting sling     |     8 |    71 |     5 ||    84
Throw: Stone             |       |     1 |       ||     1
 Cast: Foxfire           |    64 |    70 |    99 ||   233
       Conjure Flame     |       |     5 |     8 ||    13
       Sticky Flame      |       |     1 |    13 ||    14
       Fireball          |       |       |    11 ||    11
 Abil: Breathe Frost     |       |       |     3 ||     3
  Use: Scroll            |     4 |       |    13 ||    17
       Potion            |       |       |     2 ||     2
 Stab: Sleeping          |     1 |       |       ||     1
  Eat: Chunk             |     4 |     6 |    12 ||    22
       Ration            |       |     1 |     2 ||     3
Armor: Skin              |    23 |    22 |    82 ||   127
Dodge: Dodged            |    33 |    57 |   114 ||   204
Block: Other             |       |     6 |    37 ||    43

Table legend:
 A = Non-vault XP
 B = Vault XP
 C = Vault XP percentage of total XP
 D = Non-vault monster count
 E = Vault monster count
 F = Vault count percentage of total count
                 A         B        C        D         E       F
            +---------+---------+-------+---------+---------+-------
      Total |    3860 |    1021 |  20.9 |     154 |      10 |   6.1
            +---------+---------+-------+---------+---------+-------
        D:1 |      34 |       0 |   0.0 |      19 |       0 |   0.0
        D:2 |      60 |      36 |  37.5 |      24 |       1 |   4.0
        D:3 |      50 |      23 |  31.5 |      12 |       5 |  29.4
        D:4 |     559 |       0 |   0.0 |      22 |       0 |   0.0
        D:5 |     928 |     825 |  47.1 |      24 |       2 |   7.7
        D:6 |     723 |     137 |  15.9 |      28 |       2 |   6.7
        D:7 |    1506 |       0 |   0.0 |      25 |       0 |   0.0
            +---------+---------+-------+---------+---------+-------
